 Dungeon Crawl Stone Soup version 0.23.2-1-ga50397a (webtiles) character file.

Game seed: 853619296680429635

21 xveg the Grave Robber (level 2, 0/19 HPs)
             Began as a Mummy Necromancer on May 8, 2019.
             Slain by a worm (9 damage)
             ... on level 2 of the Dungeon.
             The game lasted 00:05:27 (1005 turns).

xveg the Grave Robber (Mummy Necromancer)           Turns: 1005, Time: 00:05:28

Health: 0/19       AC:  3    Str: 11    XL:     2   Next: 62%
Magic:  1/6        EV: 12    Int: 14    God:
Gold:   83         SH:  0    Dex: 12    Spells: 5/7 levels left

rFire    x . .     SeeInvis .   h - +3 whip
rCold    + . .     Gourm    .   (no shield)
rNeg     + + +     Faith    .   a - +0 robe
rPois    ∞         Spirit   .   (no helmet)
rElec    .         Reflect  .   (no cloak)
rCorr    .         Harm     .   (no gloves)
MR       .....                  d - +0 pair of boots
Stlth    ++........             (no amulet)
HPRegen  0.06/turn              (no ring)
MPRegen  0.10/turn              (no ring)

@: no status effects
A: no food or potions, fire vulnerability, cold resistance 1, negative energy
resistance 3, torment resistance, unbreathing
a: no special abilities


You were on level 2 of the Dungeon.
You were not hungry.

You visited 1 branch of the dungeon, and saw 2 of its levels.

You collected 83 gold pieces.

Inventory:

Hand Weapons
 g - a +0 whip
 h - a +3 whip (weapon)
Armour
 a - a +0 robe (worn)
 d - a +0 pair of boots (worn)
 f - a +0 ring mail
Scrolls
 b - a scroll of identify
 c - 4 scrolls of remove curse
 e - 2 scrolls of teleportation
 i - a scroll of enchant armour {unknown}


   Skills:
 + Level 1.5 Dodging
 + Level 1.6 Stealth
 + Level 3.0 Spellcasting
 * Level 4.5 Necromancy


You had 5 spell levels left.
You knew the following spells:

 Your Spells              Type           Power        Failure   Level  Hunger
a - Pain                  Necr           ##..         3%          1    N/A
b - Animate Skeleton      Necr           N/A          3%          1    N/A

Your spell library contained the following spells:

 Spells                   Type           Power        Failure   Level  Hunger
 Vampiric Draining        Necr           ##........   10%         3    N/A
 Animate Dead             Necr           N/A          32%         4    N/A
 Regeneration             Chrm/Necr      Unusable     N/A         3    N/A

Dungeon Overview and Level Annotations

Branches:
Dungeon (2/15)

Altars:


Innate Abilities, Weirdness & Mutations

You do not eat or drink.
Your flesh is vulnerable to fire.
You are immune to poison.
Your flesh is cold resistant. (rC+)
You are immune to negative energy. (rN+++)
You are immune to unholy pain and torment.
You can survive without breathing.


Message History

Aiming: Pain (safe; 3% risk of failure)
Press: ? - help, Shift-Dir - straight line, f/p - worm
Aim: a worm (moderately wounded, chance to defeat MR: 79%)
The worm writhes in agony.
Casting: Pain (safe; 3% risk of failure)
Confirm with . or Enter, or press ? or * to list all spells.
Aiming: Pain (safe; 3% risk of failure)
Press: ? - help, Shift-Dir - straight line, f/p - worm
Aim: a worm (heavily wounded, chance to defeat MR: 79%)
The worm writhes in agony.
Casting: Pain (safe; 3% risk of failure)
Confirm with . or Enter, or press ? or * to list all spells.
You don't have enough magic to cast that spell.
Unknown command.
Casting: Pain (safe; 3% risk of failure)
Confirm with . or Enter, or press ? or * to list all spells.
You don't know that spell.
The worm barely misses you. The worm bites you!
You die...

### #######
#######.######## #.....#
##...##.........#
#.###.###.###........##.#
#.# #.....# #..#.###.##.#
#.###.###.###..#.# #.##.#
#.....# #.w@.....###.##.#
# ###.###
#.##.........##.# ##. #.#
#.##.#.########.#
##...##.## #.##.#.# #.#
#........# #......#
####.# ##...##.##
###...## ##.##.# ##. ###
##.....## #.#...# #
##...>...####.#.##
#.........###....##


You could see a worm.

Vanquished Creatures
  A dart slug (D:1)
  2 bats (D:1)
  A goblin (D:1)
  6 hobgoblins
  3 frilled lizards
  4 kobolds (D:1)
  A rat (D:2)
18 creatures vanquished.

Notes
Turn   | Place    | Note
-------+----------+-------------------------------------------
     0 | D:1      | xveg the Mummy Necromancer began the quest for the Orb.
     0 | D:1      | Reached XP level 1. HP: 13/13 MP: 4/4
   273 | D:1      | Learned a level 1 spell: Animate Skeleton
   280 | D:1      | Reached XP level 2. HP: 16/19 MP: 1/5
  1005 | D:2      | Slain by a worm

Skill      XL: |  1  2 |
---------------+-------+-----
Spellcasting   | 3 |  3.0
Dodging        | |  1.5
Stealth        | |  1.6
Necromancy     | |  4.5

Action                   || total
-------------------------++-------
Melee: Unarmed           ||     3
       Whip              ||     5
 Cast: Pain              ||    37
  Use: Scroll            ||     4
Armor: Robe              ||     4
Dodge: Dodged            ||    12
